 Dungeon Crawl Stone Soup version 0.20-a0-492-g6327889 (console) character file.

6286 nht the Grappler (level 10, -7/88 HPs)
             Began as a Troll Monk on Jan 15, 2017.
             Was a High Priest of Okawaru.
             Mangled by a profane servitor
             ... wielding a +1 demon whip
              (14 damage)
             ... on level 1 of the Abyss.
             The game lasted 00:13:44 (6303 turns).

nht the Grappler (Troll Monk)                       Turns: 6303, Time: 00:13:45

Health: -7/88      AC:  6    Str: 24    XL:     10   Next: 63%
Magic:  0/12       EV: 13    Int:  6    God:    Okawaru [*****.]
Gold:   426        SH: 11    Dex: 12    Spells: 9/9 levels left

rFire    . . .     SeeInvis .     - Unarmed
rCold    . . .     Gourm    +   a - +0 robe
rNeg     . . .     Faith    .   u - +0 shield
rPois    .         Spirit   +   (helmet restricted)
rElec    .         Reflect  .   y - +0 cloak
rCorr    .         Harm     .   (gloves unavailable)
MR       .....                  (boots unavailable)
Stlth    +++.......             r - amulet of guardian spirit
Regen    0.6/turn               (no ring)
                                (no ring)

@: about to teleport, heroism, wreathed by umbra, drained
A: unfitting armour, claws 3, fast metabolism 3, gourmand, regeneration 1,
shaggy fur 1, tough skin 2, wild magic 1
a: Heroism, Finesse, Renounce Religion


You were on level 1 of the Abyss.
You worshipped Okawaru.
Okawaru was extremely pleased with you.
You were very full.

You visited 1 branch of the dungeon, and saw 10 of its levels.
You visited the Abyss 1 time.

You collected 573 gold pieces.
You spent 147 gold pieces at shops.

Inventory:

Missiles
 m - 9 tomahawks (quivered)
 n - 2 throwing nets
 G - 5 javelins of returning
Armour
 a - a +0 robe (worn)
 k - a +0 large shield
 u - a +0 shield (worn)
 y - a +0 cloak (worn)
Jewellery
 r - an amulet of guardian spirit (around neck)
Wands
 q - a wand of paralysis (20/24)
 s - a wand of disintegration (3/24)
 x - a wand of polymorph (6/24)
 B - a wand of random effects (32/48)
 D - a wand of clouds (5/9)
 E - a wand of lightning (8/15)
 F - a wand of polymorph (12/24)
Scrolls
 e - a scroll of magic mapping
 f - 2 scrolls of fear
 g - 3 scrolls of remove curse
 j - 4 scrolls of teleportation
 o - 2 scrolls of vulnerability {unknown}
 H - 2 scrolls of identify
Potions
 c - 4 potions of might
 d - 3 potions of brilliance
 h - 2 potions of resistance
 i - a potion of curing
 p - a potion of cure mutation
 t - 3 potions of agility
 w - a potion of haste
Comestibles
 b - 13 bread rations
 l - 3 meat rations
 v - 5 fruits
 z - 2 slices of pizza
 A - 6 beef jerkies
 C - a royal jelly


   Skills:
 - Level 2.4(6.6) Fighting
 - Level 2.4(6.6) Dodging
 - Level 1.0(5.2) Stealth
 + Level 4.4(8.6) Shields
 + Level 13.9(17.8) Unarmed Combat
 + Level 4.9(4.1) Invocations


You had 9 spell levels left.
You didn't know any spells.

Dungeon Overview and Level Annotations

Branches:
Dungeon (10/15)            Temple (0/1) D:7            Lair (0/6) D:8
    Orc: D:9-12

Altars:
Ashenzari
Cheibriados
Kikubaaqudgha
Nemelex Xobeh
Okawaru
Trog
Uskayaw
Vehumet

Shops:
D:4 ?

Annotations:
D:10 Psyche


Innate Abilities, Weirdness & Mutations

You are too large for most types of armour.
You have claws for hands.
Your metabolism is lightning-fast.
You like to eat raw meat.
Your natural rate of healing is unusually fast.
You are covered in fur. (AC +1)
You have very tough skin. (AC +2)
Your spells are a little harder to cast, but a little more powerful.


Message History

You feel strangely unstable.
You feel the power of the Abyss delaying your translocation!
The profane servitor hits you with an enchanted demon whip!
* * * LOW HITPOINT WARNING * * *
The profane servitor draws strength from your injuries!
You block the profane servitor's attack.
The profane servitor hits you with an enchanted demon whip.
* * * LOW HITPOINT WARNING * * *
The profane servitor draws strength from your injuries!
The profane servitor closely misses you.
The smoke demon barely misses you. The smoke demon hits you.
* * * LOW HITPOINT WARNING * * *
The smoke demon closely misses you. The smoke demon gestures at you.
Something smites you!
* * * LOW HITPOINT WARNING * * *
You feel better. The profane servitor misses you.
You block the profane servitor's attack.
The profane servitor hits you with an enchanted demon whip!
You die...

..██ .███. .██ ...█.
█.████ █
█....██.§█.██...█
██.█......█.....█
█..█.█..███.██..█
██.██..3..██ .. █
█....@A.█.█ █ .█.
██..██......█ ...█
█......██o..█.█..█..
█..█.██..█...█..
.... .. █.. ..█.. █.
█ .██......█.█ █. .
... █. ....█


You could see a profane servitor, a smoke demon and an orc sorcerer.

Vanquished Creatures
  A hydra (D:9)
  A two-headed ogre (D:8)
  A troll (D:9)
  Grinder (D:6)
  Prince Ribbit (D:6)
  3 hippogriffs
  Sigmund (D:3)
  Eustachio (D:5)
  3 orc warriors
  2 ice beasts
  A sky beast (D:5)
  4 black bears
  A phantom (D:5)
  The ghost of Yermak the Skirmisher, an amateur BaHu of Ashenzari (D:3)
  A necrophage (D:9)
  2 ogres
  4 centaurs
  A bullfrog (D:7)
  2 gnoll sergeants
  A scorpion (D:7)
  5 wights (D:7)
  An electric eel (D:6)
  A howler monkey (D:8)
  A crimson imp (D:8)
  A centaur zombie (D:6)
  5 hounds
  2 jellies
  5 orc priests
  Ijyb (D:3)
  2 iguanas
  6 orc wizards
  7 worker ants
  A killer bee zombie (D:10)
  A hound zombie (D:6)
  A hound skeleton (D:6)
  A worker ant zombie (D:7)
  13 adders
  10 gnolls
  2 shadow imps
  An ooze (D:3)
  An adder skeleton (D:4)
  4 worms
  2 dart slugs (D:1)
  6 leopard geckos
  32 orcs
  3 ball pythons
  8 giant cockroaches
  6 hobgoblins
  6 jackals
  4 kobolds
  2 quokkas
  4 bats
  2 frilled lizards
  12 goblins
  A leopard gecko skeleton (D:6)
  10 rats
203 creatures vanquished.

Notes
Turn   | Place    | Note
-------+----------+-------------------------------------------
     0 | D:1      | nht the Troll Monk began the quest for the Orb.
     0 | D:1      | Reached XP level 1. HP: 22/22 MP: 0/0
    22 | D:1      | Reached XP level 2. HP: 23/29 MP: 1/1
   272 | D:1      | wtf class am i
   318 | D:1      | Reached skill level 4 in Unarmed Combat
   512 | D:1      | Reached XP level 3. HP: 36/36 MP: 2/2
   880 | D:2      | Reached XP level 4. HP: 44/44 MP: 3/3
   929 | D:2      | Reached skill level 5 in Unarmed Combat
  1456 | D:3      | Noticed Yermak's ghost (amateur BaHu)
  1462 | D:3      | Gained mutation: Your spells are a little harder to cast, but a little more powerful. [potion of beneficial mutation]
  1682 | D:3      | Killed Yermak's ghost
  1682 | D:3      | Reached skill level 6 in Unarmed Combat
  1682 | D:3      | Reached XP level 5. HP: 42/50 MP: 4/4
  1703 | D:3      | Noticed Ijyb
  1715 | D:3      | Killed Ijyb
  1746 | D:3      | Noticed Sigmund
  1750 | D:3      | Killed Sigmund
  1750 | D:3      | Reached skill level 7 in Unarmed Combat
  1750 | D:3      | Reached XP level 6. HP: 59/59 MP: 5/5
  2067 | D:4      | Found Torutisu's Magic Scroll Emporium.
  2121 | D:4      | Bought a scroll of teleportation for 42 gold pieces
  2121 | D:4      | Bought a scroll of magic mapping for 49 gold pieces
  2121 | D:4      | Bought a scroll of identify for 28 gold pieces
  2121 | D:4      | Bought a scroll of identify for 28 gold pieces
  2163 | D:4      | Found an iron altar of Okawaru.
  2171 | D:4      | Became a worshipper of Warmaster Okawaru
  2171 | D:4      | Reached * piety under Okawaru
  2171 | D:4      | Reached ** piety under Okawaru
  2448 | D:4      | Reached skill level 8 in Unarmed Combat
  2451 | D:4      | Reached XP level 7. HP: 49/66 MP: 3/6
  2580 | D:5      | Entered Level 5 of the Dungeon
  2853 | D:5      | Reached skill level 9 in Unarmed Combat
  2885 | D:5      | Reached *** piety under Okawaru
  2885 | D:5      | Reached XP level 8. HP: 59/74 MP: 5/7
  3016 | D:5      | Noticed Eustachio
  3021 | D:5      | Reached skill level 10 in Unarmed Combat
  3029 | D:5      | Killed Eustachio
  3436 | D:6      | Reached skill level 11 in Unarmed Combat
  3489 | D:6      | Noticed Grinder
  3506 | D:6      | Paralysed by Grinder for 2 turns
  3684 | D:6      | Noticed Prince Ribbit
  3703 | D:6      | Killed Prince Ribbit
  3703 | D:6      | Reached **** piety under Okawaru
  3787 | D:6      | Killed Grinder
  3787 | D:6      | Reached skill level 12 in Unarmed Combat
  3787 | D:6      | Reached XP level 9. HP: 69/80 MP: 8/8
  3871 | D:7      | Found a staircase to the Ecumenical Temple.
  4178 | D:7      | Reached skill level 13 in Unarmed Combat
  4208 | D:7      | Found a sparkling altar of Nemelex Xobeh.
  4208 | D:7      | Found a radiant altar of Vehumet.
  4210 | D:7      | Found a shattered altar of Ashenzari.
  4254 | D:7      | Found a snail-covered altar of Cheibriados.
  4265 | D:7      | Found an ancient bone altar of Kikubaaqudgha.
  4580 | D:7      | Reached ***** piety under Okawaru
  4580 | D:7      | Reached skill level 1 in Shields
  4580 | D:7      | Reached skill level 1 in Invocations
  4955 | D:8      | Found a hide-covered altar of Uskayaw.
  5079 | D:8      | Noticed a dagger
  5079 | D:8      | Noticed an enchanted dagger
  5258 | D:8      | Found a staircase to the Lair.
  5359 | D:8      | Noticed a two-headed ogre
  5369 | D:8      | Killed a two-headed ogre
  5369 | D:8      | Reached XP level 10. HP: 76/88 MP: 7/11
  5611 | D:9      | Noticed a four-headed hydra
  5618 | D:9      | Killed a four-headed hydra
  5742 | D:9      | Found a bloodstained altar of Trog.
  5753 | D:9      | Received a gift from Okawaru
  6152 | D:10     | Entered Level 10 of the Dungeon
  6244 | D:10     | Noticed Psyche
  6259 | D:10     | Cast into level 1 of the Abyss (Psyche)
  6290 | Abyss:1  | Noticed a smoke demon
  6294 | Abyss:1  | Noticed an orc sorcerer
  6296 | Abyss:1  | Noticed a profane servitor
  6302 | Abyss:1  | HP: 1/88 [smoke demon/divine providence (12)]
  6303 | Abyss:1  | Mangled by a profane servitor

Vault maps used:
D:1:      dpeg_arrival_brainrot
D:3:      hangedman_feature_mirror, minmay_bisected, uniq_iyjb, uniq_sigmund
D:4:      okawaru_ov_weapons_minmay, serial_shops, shop
D:5:      first_bread, uniq_eustachio
D:6:      minivault_14, roderic_malta_cross, uniq_prince_ribbit1, uniq_grinder
D:7:      grunt_temple_overflow_open, grunt_ogre_cave
D:8:      dancing_weapons_uskayaw, lair_entry_dummy
D:9:      trog_ov_bears_minmay
D:10:     david_orc_5, basic_altar, serial_shops, nicolae_shop_waterfront,
          uniq_harold, uniq_psyche, uniq_erica

Skill      XL: |  1  2  3  4  5  6  7  8  9 10 |
---------------+-------------------------------+-----
Unarmed Combat | 4 6 7 8 9 12 13 | 13.9
Shields        | 2 4 |  4.4
Invocations    | 3 4 |  4.9
Fighting       | |  2.4
Dodging        | |  2.4
Stealth        | |  1.0

Action                   |  1- 3 |  4- 6 |  7- 9 | 10-12 || total
-------------------------+-------+-------+-------+-------++-------
Melee: Unarmed           |    72 |   136 |   250 |   103 ||   561
       Punch             |     2 |     5 |     8 |       ||    15
Invok: Heroism           |       |       |     4 |     4 ||     8
Evoke: Wand              |       |       |     8 |       ||     8
  Use: Scroll            |     2 |     9 |     8 |     2 ||    21
       Potion            |       |     1 |       |     2 ||     3
 Stab: Sleeping          |     4 |     2 |     4 |     2 ||    12
  Eat: Chunk             |    14 |    14 |    24 |    10 ||    62
Armor: Robe              |    31 |    51 |    53 |    20 ||   155
       Skin              |       |       |       |    10 ||    10
Dodge: Dodged            |    42 |    61 |   105 |    29 ||   237
Block: Shield            |       |       |    10 |    41 ||    51
